 Dungeon Crawl Stone Soup version 0.23.0 (webtiles) character file.

Game seed: 5020802624505516878

5475 Borgoz the Nimble (level 10, -3/64 HPs)
             Began as a Gargoyle Gladiator on Feb 9, 2019.
             Was a Follower of Ashenzari.
             Slain by Harold
             ... wielding a +2 glaive of freezing
              (6 damage)
             ... while paralysed by Harold
             ... on level 9 of the Dungeon.
             The game lasted 00:15:57 (8629 turns).

Borgoz the Nimble (Gargoyle Gladiator)              Turns: 8629, Time: 00:15:58

Health: -3/64      AC: 15    Str: 18    XL:     10   Next: 69%
Magic:  10/10      EV:  2    Int:  9    God:    Ashenzari [*.....]
Gold:   551        SH:  0    Dex: 14    Spells: 9/9 levels left

rFire    . . .     SeeInvis .   i - +0 hand axe (freeze)
rCold    . . .     Gourm    .   (no shield)
rNeg     + . .     Faith    .   g - +1 leather armour
rPois    ∞         Spirit   .   c - +0 helmet
rElec    +         Reflect  .   (no cloak)
rCorr    .         Harm     .   (no gloves)
MR       .....                  (no boots)
Stlth    +.........             (no amulet)
HPRegen  0.20/turn              (no ring)
MPRegen  0.12/turn              (no ring)

@: paralysed
A: talons 1, iridescent scales 1, negative energy resistance 1, electricity
resistance, unbreathing, petrification resistance, rot immunity, AC +7
a: Curse Item, Scrying, Renounce Religion


You were on level 9 of the Dungeon.
You worshipped Ashenzari.
Ashenzari was aware of your devotion.
You were not hungry.

You visited 2 branches of the dungeon, and saw 10 of its levels.
You also visited: Sewer.

You collected 551 gold pieces.

Inventory:

Hand Weapons
 b - a +0 blowgun
 i - a +0 hand axe of freezing (weapon)
 n - a +4 dagger of chaos
 r - a +2 vampiric war axe
 w - a +3 quarterstaff of chaos
 J - a +0 demon blade
Missiles
 a - 13 poisoned needles
 d - 4 throwing nets (quivered)
 y - 4 tomahawks of dispersal
Armour
 c - a +0 helmet (worn)
 g - a +1 leather armour (worn)
 G - a +2 ring mail of fire resistance
Jewellery
 l - an uncursed ring of positive energy
Wands
 B - a wand of disintegration (13)
 H - a wand of paralysis (9)
Scrolls
 e - 5 scrolls of teleportation
 o - 3 scrolls of fear
 p - a scroll of enchant armour
 s - 2 scrolls of amnesia
 t - 2 scrolls of fog {unknown}
 u - 5 scrolls of enchant weapon
 x - 3 scrolls of remove curse
 D - 4 scrolls of identify
 F - a scroll of random uselessness {unknown}
Potions
 h - 3 potions of brilliance
 j - a potion of invisibility
 k - a potion of flight {unknown}
 m - 2 potions of haste {unknown}
 q - 3 potions of curing
 v - a potion of mutation
 A - a potion of resistance
 C - a potion of cancellation
 E - 3 potions of lignification {unknown}
Comestibles
 f - 18 rations
 z - 2 chunks of flesh


   Skills:
 + Level 7.9 Fighting
 + Level 6.9 Axes
 - Level 1.7 Throwing
 + Level 7.5 Armour
 * Level 8.8 Dodging


You had 9 spell levels left.
You didn't know any spells.
Your spell library contained the following spells:

 Spells                   Type           Power        Failure   Level  Hunger
 Magic Dart               Conj           #...         43%         1    ##.....
 Blink                    Tloc           N/A          56%         2    ###....
 Call Imp                 Summ           #.......     56%         2    ###....
 Slow                     Hex            #.......     56%         2    ###....
 Conjure Flame            Conj/Fire      #.......     80%         3    ####...
 Mephitic Cloud           Conj/Pois/Air  #.......     80%         3    ####...


Dungeon Overview and Level Annotations

Branches:
Dungeon (9/15)             Temple (1/1) D:4
   Lair: D:8-11         Orc: D:9-12

Altars:
Ashenzari
Cheibriados
Dithmenos
Elyvilon
Fedhas
Gozag
Hepliaklqana
Kikubaaqudgha
Makhleb
Nemelex Xobeh
Okawaru
Qazlal
Ru
Sif Muna
Trog
Uskayaw
Vehumet
Wu Jian
Xom
Yredelemnul
Zin
The Shining One
Lugonu

Shops:
D:4 *   D:7 *

Annotations:
D:8 2 transporters
D:9 Harold


Innate Abilities, Weirdness & Mutations

You are resistant to torment.
Your stone body is resilient. (AC +7)
You are immune to poison.
You resist negative energy. (rN+)
You are resistant to electric shocks. (rElec)
You can survive without breathing.
You are immune to petrification.
You are immune to rotting.
You have sharp toenails.
You are partially covered in iridescent scales. (AC +2)


Message History

You hit Harold. You freeze Harold. Your kick misses Harold.
Harold is lightly wounded.
Harold zaps a wand.
You easily resist.
You hit Harold but do no damage.
Harold is lightly wounded.
Harold zaps a wand.
You easily resist.
You hit Harold. You freeze Harold.
Harold is lightly wounded.
Harold hits you with a +2 glaive of freezing!
Harold freezes you.
You slash Harold! You freeze Harold.
Harold is moderately wounded.
Harold zaps a wand.
You suddenly lose the ability to move!
Your magical contamination has completely faded away.
Harold says, "Ah, this is what I got into this business for!"
Harold hits you with a +2 glaive of freezing!!
Ouch! That really hurt!
* * * LOW HITPOINT WARNING * * *
Harold freezes you.
You die...

....#..###### #.#.# #...#
###.#..# ##. ##..#######
.##.#..# #.. #.........
.......# #.. #..######.
###.#..# #.. #.........
.......# #.. #.####....
...<#..#######.. #.# #.##.
#####...........########.#
#.##.
##.####....@@...(....#
#.###
#....######.######### #.#
####.# #(# #.# #.# #.# #.#
#.# #.# #[# #####.# #.#
#.# #.....# ..# ####.#
#.##### ### #....# #.#
#.####


You could see Harold.

Vanquished Creatures
  Erolcha (D:9)
  A two-headed ogre (D:9)
  Joseph (D:7)
  Psyche (D:9)
  A hornet (D:9)
  Grinder (D:5)
  Sigmund (D:4)
  Edmund (D:4)
  2 water moccasins (D:4)
  2 orc warriors
  2 phantoms
  4 ogres
  A centaur (D:7)
  Blork the orc (D:5)
  3 bullfrogs
  A big kobold (D:9)
  2 scorpions
  A wyvern skeleton (D:5)
  2 howler monkeys
  3 crimson imps
  A quasit (D:6)
  2 jellies (D:8)
  5 orc priests
  Crazy Yiuf (D:4)
  3 hounds
  2 centaur skeletons
  2 bullfrog zombies
  A bullfrog skeleton (D:4)
  2 iguanas
  7 worker ants
  6 orc wizards
  2 hound skeletons
  7 gnolls
  7 adders
  2 river rats (D:6)
  3 shadow imps
  An adder skeleton (D:7)
  3 worms
  A dart slug (D:2)
  9 leopard geckos
  34 orcs
  3 ball pythons
  6 bats
  10 giant cockroaches
  2 hobgoblins (D:1)
  19 jackals
  3 quokkas
  9 frilled lizards
  5 goblins
  7 kobolds
  A leopard gecko skeleton (D:8)
  14 rats
212 creatures vanquished.

Notes
Turn   | Place    | Note
-------+----------+-------------------------------------------
     0 | D:1      | Borgoz the Gargoyle Gladiator began the quest for the Orb.
     0 | D:1      | Reached XP level 1. HP: 12/12 MP: 1/1
   134 | D:1      | Reached XP level 2. HP: 17/18 MP: 2/2
   620 | D:2      | Reached skill level 1 in Armour
   714 | D:2      | Reached XP level 3. HP: 1/22 MP: 3/3
  1013 | D:2      | Found an ornate altar of the Wu Jian Council.
  1080 | D:2      | Found a basalt altar of Yredelemnul.
  1615 | D:3      | Reached skill level 3 in Dodging
  1619 | D:3      | Reached XP level 4. HP: 21/27 MP: 4/4
  2068 | D:3      | Found a faded altar of an unknown god.
  2457 | D:4      | Noticed Edmund
  2464 | D:4      | Reached XP level 5. HP: 20/32 MP: 5/5
  2476 | D:4      | Gained mutation: You are partially covered in iridescent
                  | scales. (AC +2) [potion of mutation]
  2476 | D:4      | Gained mutation: You have sharp toenails. [potion of
                  | mutation]
  2481 | D:4      | Killed Edmund
  2481 | D:4      | Reached XP level 6. HP: 2/37 MP: 6/6
  2808 | D:4      | Noticed Sigmund
  2845 | D:4      | Reached skill level 4 in Dodging
  2868 | D:4      | Killed Sigmund
  2868 | D:4      | Reached XP level 7. HP: 25/43 MP: 7/7
  2938 | D:4      | Found Rasya's Serpentskin Sales.
  2953 | D:4      | Reached skill level 5 in Dodging
  3141 | D:4      | Found a staircase to the Ecumenical Temple.
  3181 | Temple   | Entered the Ecumenical Temple
  3394 | Temple   | Became a worshipper of Ashenzari the Shackled
  3448 | D:4      | Reached XP level 8. HP: 45/48 MP: 8/8
  3648 | D:4      | Found a runed translucent door.
  3649 | D:4      | Noticed Crazy Yiuf
  3767 | D:4      | Found a blossoming altar of Fedhas.
  3974 | D:4      | Killed Crazy Yiuf
  4014 | D:5      | Entered Level 5 of the Dungeon
  4028 | D:5      | Reached skill level 5 in Fighting
  4506 | D:5      | Noticed Grinder
  4516 | D:5      | Killed Grinder
  4551 | D:5      | Reached skill level 6 in Dodging
  4556 | D:5      | Reached skill level 5 in Axes
  4740 | D:5      | Noticed Blork the orc
  4752 | D:5      | Killed Blork the orc
  4752 | D:5      | Reached skill level 5 in Armour
  4891 | D:5      | Reached XP level 9. HP: 43/55 MP: 9/9
  5565 | D:6      | Found a glowing drain.
  5741 | Sewer    | Entered a sewer
  6562 | D:6      | Reached skill level 7 in Dodging
  6616 | D:7      | Found Cupoas's Assorted Antiques.
  6617 | D:7      | Reached * piety under Ashenzari
  6803 | D:7      | Noticed Joseph
  6804 | D:7      | Paralysed by Joseph for 5 turns
  6814 | D:7      | Killed Joseph
  6975 | D:7      | Found an ancient bone altar of Kikubaaqudgha.
  6975 | D:7      | Found a sacrificial altar of Ru.
  7361 | D:8      | Reached XP level 10. HP: 57/63 MP: 10/10
  7387 | D:8      | Found a transporter.
  7387 | D:8      | Noticed a green ugly thing
  7387 | D:8      | Noticed a red ugly thing
  7388 | D:8      | Noticed a white ugly thing
  7389 | D:8      | Found a corrupted altar of Lugonu.
  7640 | D:8      | Found a transporter.
  7972 | D:9      | Reached skill level 8 in Dodging
  8255 | D:9      | Found a stormy altar of Qazlal.
  8256 | D:9      | Found a hazy altar of Hepliaklqana.
  8256 | D:9      | Noticed a two-headed ogre
  8269 | D:9      | Killed a two-headed ogre
  8519 | D:9      | Noticed Erolcha
  8532 | D:9      | Killed Erolcha
  8578 | D:9      | Noticed Psyche
  8583 | D:9      | Killed Psyche
  8612 | D:9      | Noticed Harold
  8616 | D:9      | Paralysed by Harold for 7 turns
  8628 | D:9      | Paralysed by Harold for 5 turns
  8629 | D:9      | HP: 3/64 [Harold/+2 glaive of freezing (33)]
  8629 | D:9      | Slain by Harold

Skill      XL: |  1  2  3  4  5  6  7  8  9 10 |
---------------+-------------------------------+-----
Armour         | 1 2 3 5 6 7 |  7.5
Axes           | 3 4 5 6 |  6.9
Dodging        | 3 4 5 6 7 8 |  8.8
Fighting       | 3 4 5 7 |  7.9
Throwing       | |  1.7

Action                   |  1- 3 |  4- 6 |  7- 9 | 10-12 || total
-------------------------+-------+-------+-------+-------++-------
Melee: War axe           |   100 |    80 |   421 |       ||   601
       Kick              |       |     8 |   125 |    52 ||   185
       Hand axe          |       |       |       |   144 ||   144
  Use: Potion            |       |     5 |     2 |     4 ||    11
       Scroll            |       |       |    12 |       ||    12
 Stab: Sleeping          |     1 |       |     3 |       ||     4
       Invisible         |       |       |     1 |       ||     1
  Eat: Chunk             |     2 |     2 |    14 |     4 ||    22
       Ration            |       |     1 |       |       ||     1
Armor: Leather armour    |    59 |    18 |   193 |    39 ||   309
Dodge: Dodged            |    75 |    51 |   369 |    86 ||   581
